 Dungeon Crawl Stone Soup version 0.23.2-40-g277498a001 (webtiles) character file.

Game seed: 11966499336015097141

296 Descartes the Sneak (level 6, -2/48 HPs)
             Began as a Formicid Wanderer on Aug 25, 2019.
             Killed by divine providence
             ... invoked by an orc priest
              (11 damage)
             ... on level 4 of the Dungeon.
             The game lasted 00:05:21 (3133 turns).

Descartes the Sneak (Formicid Wanderer)             Turns: 3133, Time: 00:05:21

Health: -2/48      AC:  8    Str: 15    XL:     6   Next: 61%
Magic:  6/6        EV: 11    Int: 13    God:
Gold:   167        SH:  0    Dex: 12    Spells: 5/5 levels left

rFire    x . .     SeeInvis +   a - +2 dagger
rCold    + . .     Gourm    .   (no shield)
rNeg     . . .     Faith    .   c - +0 ring mail
rPois    .         Spirit   .   (helmet unavailable)
rElec    .         Reflect  .   (no cloak)
rCorr    .         Harm     .   (no gloves)
MR       .....                  k - +2 pair of boots
Stlth    ++........             (no amulet)
HPRegen  0.16/turn              q - ring of ice
MPRegen  0.10/turn              w - ring of wizardry

@: no status effects
A: permanent stasis, dig shafts and tunnels, four strong arms, antennae 3
a: Dig, Shaft Self


You were on level 4 of the Dungeon.
You were very hungry.

You visited 1 branch of the dungeon, and saw 4 of its levels.

You collected 167 gold pieces.

Inventory:

Hand Weapons
 a - a +2 dagger (weapon)
 d - a +0 shortbow
Missiles
 e - 66 arrows
 j - 31 stones (quivered)
 l - 13 poisoned needles
 p - 8 tomahawks
 v - 3 tomahawks of returning
Armour
 c - a +0 ring mail (worn)
 k - a +2 pair of boots (worn)
Jewellery
 q - a ring of ice (left hand)
 w - a ring of wizardry (right hand)
Wands
 b - a wand of iceblast (28)
Scrolls
 g - 3 scrolls of remove curse {unknown}
 h - 7 scrolls of identify {unknown}
 r - a scroll of fog {unknown}
 s - 3 scrolls of magic mapping {unknown}
 u - a scroll of teleportation {unknown}
Potions
 i - a potion of lignification {unknown}
 m - 5 potions of curing {unknown}
 n - 2 potions of might {unknown}
 o - a potion of mutation {unknown}
 t - a potion of brilliance {unknown}
Comestibles
 f - 11 rations


   Skills:
 + Level 3.9 Fighting
   Level 1.0 Long Blades
 - Level 2.4 Bows
 + Level 3.4 Armour
 + Level 2.4 Dodging
 + Level 5.4 Stealth
 + Level 0.4 Evocations


You had 5 spell levels left.
You didn't know any spells.
Your spell library was empty.

Dungeon Overview and Level Annotations

Branches:
Dungeon (4/15)
 Temple: D:4-7

Altars:
Elyvilon
Fedhas
Gozag
Kikubaaqudgha
Makhleb
Nemelex Xobeh
Qazlal
Yredelemnul


Innate Abilities, Weirdness & Mutations

You cannot be hasted, slowed, berserked, paralysed or teleported.
You can dig through walls and to a lower floor.
Your four strong arms can wield two-handed weapons with a shield.
You have a pair of large antennae on your head. (SInv)


Message History

You hit the orc.
The orc is severely wounded.
The orc closely misses you.
You hit the orc.
You kill the orc!
The iguana bites you!
You hit the jackal.
The jackal is lightly wounded.
The jackal barely misses you. The iguana barely misses you.
The iguana bites you.
* * * LOW HITPOINT WARNING * * *
The jackal bites you but does no damage.
The jackal bites you but does no damage. x2
The orc priest calls upon Beogh to heal the orc.
The orc's wounds heal themselves!
The jackal bites you.
* * * LOW HITPOINT WARNING * * *
The orc priest mumbles some strange prayers to Beogh against you.
Beogh smites you!
You die...

..%.....###...#####............#.
..#.....##.....##......#........#
........##.....##......#.....#..#
##.....###.....##...............#
#.....# #.....##...#####.###.#.#
##....{# #.....##...#####.#...#..
....g..# #........##....#.#......
.....g)#######....##....#........
..#...#.ooo.lhh.@..............<.
..#...#...o..#######....######...
. #####......# #.................
#......# #.......#######.).
#......###.............#...
.#...............#......#...
......#...........#.......#.#
.....#......#....#####...#..
............#...............


You could see an iguana, an orc priest, 2 orcs and 2 jackals.

Vanquished Creatures
  Sigmund (D:2)
  A hound (D:4)
  5 adders
  3 worms
  2 dart slugs
  A leopard gecko (D:2)
  2 orcs
  5 bats
  4 giant cockroaches
  4 goblins
  5 hobgoblins
  6 jackals
  3 kobolds
  2 ball pythons (D:3)
  A frilled lizard (D:3)
  A jackal zombie (D:2)
  A leopard gecko skeleton (D:4)
  8 rats
55 creatures vanquished.

Notes
Turn   | Place    | Note
-------+----------+-------------------------------------------
     0 | D:1      | Descartes the Formicid Wanderer began the quest for the
                  | Orb.
     0 | D:1      | Descartes set off with the following items: a +2 dagger, a
                  | potion of haste, a +0 ring mail, a +0 shortbow, 24 arrows,
                  | a ration
     0 | D:1      | Reached XP level 1. HP: 16/16 MP: 1/1
   278 | D:1      | Reached XP level 2. HP: 19/23 MP: 2/2
   525 | D:1      | Reached skill level 4 in Stealth
   931 | D:2      | Reached XP level 3. HP: 27/28 MP: 3/3
   978 | D:2      | Reached skill level 1 in Dodging
   980 | D:2      | Found a blossoming altar of Fedhas.
   981 | D:2      | Found an ancient bone altar of Kikubaaqudgha.
   983 | D:2      | Found a basalt altar of Yredelemnul.
   985 | D:2      | Found a sparkling altar of Nemelex Xobeh.
   985 | D:2      | Found a burning altar of Makhleb.
  1350 | D:2      | Reached XP level 4. HP: 13/34 MP: 4/4
  1582 | D:2      | Found a white marble altar of Elyvilon.
  1582 | D:2      | Found an opulent altar of Gozag.
  1762 | D:2      | Noticed Sigmund
  1781 | D:2      | Killed Sigmund
  1781 | D:2      | Reached skill level 5 in Stealth
  1781 | D:2      | Reached XP level 5. HP: 37/42 MP: 5/5
  1781 | D:2      | Reached XP level 6. HP: 43/48 MP: 6/6
  1935 | D:2      | Found a stormy altar of Qazlal.
  3133 | D:4      | Killed from afar by an orc priest

Skill      XL: |  1  2  3  4 |
---------------+-------------+-----
Stealth        | 4 5 |  5.4
Dodging        | 1 2 |  2.4
Armour         | 2 3 |  3.4
Fighting       | 3 |  3.9
Long Blades    | |  1.0
Bows           | |  2.4
Evocations     | |  0.4

Action                   |  1- 3 |  4- 6 || total
-------------------------+-------+-------++-------
Melee: Dagger            |   102 |   157 ||   259
 Stab: Sleeping          |     4 |    10 ||    14
  Eat: Chunk             |     1 |     5 ||     6
Armor: Ring mail         |    36 |    65 ||   101
Dodge: Dodged            |    51 |    88 ||   139
